 Dungeon Crawl Stone Soup version 0.31-a0-968-g24f9ace8b5 (webtiles) character file.

Game seed: 5609001915430786080

290 drugrobin the Ruffian (level 5, -3/42 HPs)
             Began as a Demigod Delver on Oct 27, 2023.
             Slain by a scorpion (5 damage)
             ... on level 5 of the Dungeon.
             The game lasted 00:06:58 (3013 turns).

drugrobin the Ruffian (Demigod Delver)              Turns: 3013, Time: 00:06:58

Health: -3/42      AC:  6    Str: 17    XL:     5   Next: 83%
Magic:  7/7        EV: 11    Int: 12    God:
Gold:   368        SH:  0    Dex: 15    Spells: 4/4 levels left

rFire   . .          .
                       - Unarmed
rCold   + . .        (no shield)
rNeg    . . .        t - +1 ring mail {rC+}
rPois   .            (no helmet)
rElec   .            n - scarf {repulsion}
rCorr   .            (no gloves)
SInv    .            (no boots)
Will    .....        l - amulet of regeneration
Stlth   ++           (no ring)
HPRegen 1.07/turn    (no ring)
MPRegen 0.10/turn

%: repel missiles
@: lethally poisoned (-3 -> -8)
A: high MP 1, forlorn, divine attributes
a: no special abilities


You were on level 5 of the Dungeon.
You visited 1 branch of the dungeon, and saw 5 of its levels.

You collected 368 gold pieces.

Inventory:

Hand Weapons
 v - a +3 demon blade of electrocution
Armour
 a - a +0 leather armour
 g - a +0 scale mail
 n - a scarf of repulsion (worn)
 t - a +1 ring mail of cold resistance (worn)
 y - the +1 leather armour "Ziuzum" {-Tele rPois rCorr}
   (You found it on level 5 of the Dungeon)

   rPois:     It protects you from poison -Tele: It prevents most forms of
   teleportation.
   rCorr:     It protects you from acid and corrosion.
 A - a +0 cloak
Jewellery
 l - an amulet of regeneration (around neck)
 x - a ring of poison resistance
 F - an amulet of magic regeneration
Wands
 f - a wand of digging (3)
Scrolls
 b - 5 scrolls of fog
 c - 2 scrolls of revelation
 i - a scroll of blinking {unknown}
 j - a scroll of silence {unknown}
 k - a scroll of immolation {unknown}
 m - a scroll of vulnerability {unknown}
 o - 3 scrolls of teleportation {unknown}
 q - a scroll of amnesia {unknown}
 r - 6 scrolls of identify {unknown}
 G - a scroll of fear
Potions
 d - a potion of heal wounds {unknown}
 e - 2 potions of haste
 h - a potion of mutation {unknown}
 p - a potion of cancellation {unknown}
 s - 4 potions of curing {unknown}
 u - a potion of degeneration {unknown}
 w - a potion of attraction {unknown}
 z - a potion of berserk rage {unknown}
 B - a potion of ambrosia {unknown}
 C - a potion of brilliance {unknown}
 D - a potion of might {unknown}
 E - a potion of enlightenment {unknown}


   Skills:
 - Level 2.6 Fighting
 - Level 1.7 Dodging
 - Level 4.5 Stealth
 + Level 5.9 Unarmed Combat


You had 4 spell levels left.
You didn't know any spells.
Your spell library contained the following spells:

 Spells                   Type           Power      Damage    Failure   Level
 Kiss of Death            Conj/Necr      0%         2d5       52%         1
 Confusing Touch          Hex            0%         N/A       88%         3
 Dispel Undead            Necr           0%         3d6       99%         4


Dungeon Overview and Level Annotations

Branches:
Dungeon (5/15)             Temple (0/1) D:4

Annotations:
D:4 Dowan, Duvessa


Innate Abilities, Weirdness & Mutations

You have an increased reservoir of magic. (+10% MP)
You shall have no god before yourself.
Your divine heritage dramatically boosts your attributes as you level up.


Message History

You closely miss the scorpion.
The scorpion is moderately wounded.
You feel very sick.
The scorpion stings you but does no damage.
The howler monkey howls!
You hit the scorpion.
The scorpion is heavily wounded.
You feel very sick. The scorpion barely misses you.
You barely miss the scorpion.
The scorpion is heavily wounded.
You feel sick. The scorpion stings you.
You hit the scorpion.
The scorpion is heavily wounded.
You feel sick. The scorpion closely misses you. The scorpion barely misses you.
You closely miss the scorpion.
The scorpion is heavily wounded.
You feel sick. The scorpion closely misses you.
You barely miss the scorpion. Your punch misses the scorpion.
The scorpion is heavily wounded.
You feel sick.
The scorpion stings you but does no damage.
You hit the scorpion but do no damage.
The scorpion is heavily wounded.
You feel sick. The scorpion stings you.
* * * LOW HITPOINT WARNING * * *
You are more poisoned.
The scorpion poisons you!
You hit the scorpion. You punch the scorpion.
The scorpion is severely wounded.
* * * LOW HITPOINT WARNING * * *
You feel very sick. The scorpion stings you.
* * * LOW HITPOINT WARNING * * *
You closely miss the scorpion.
The scorpion is severely wounded.
* * * LOW HITPOINT WARNING * * *
You feel very sick. The scorpion stings you.
You die...

.# .# .# .# ###### .#
#....#
.####..(.###############
.._...................>#
.####....#######.#####.#
.# #....# #@# .# ######
#s# .# #S# .# .h# ## ..#
...# #. ...# #.# ###.#
#.# ##.###


You could see a scorpion, a howler monkey and an adder.

Vanquished Creatures
  A phantom (D:5)
  A howler monkey (D:4)
  2 hounds
  An iguana (D:4)
  5 adders
  2 orcs (D:4)
  4 endoplasms
  2 giant cockroaches
  5 goblins
  8 hobgoblins
  A quokka (D:2)
  3 ball pythons
  3 bats
  A frilled lizard (D:1)
  5 kobolds
  5 rats
49 creatures vanquished.

Notes
Turn   | Place    | Note
-------+----------+-------------------------------------------
     0 | D:5      | drugrobin the Demigod Delver began the quest for the Orb.
     0 | D:5      | Reached XP level 1. HP: 18/18 MP: 3/3
   178 | D:3      | Reached skill level 2 in Unarmed Combat
   313 | D:3      | Reached XP level 2. HP: 25/25 MP: 4/4
   520 | D:3      | Reached skill level 3 in Unarmed Combat
  1309 | D:2      | Reached XP level 3. HP: 30/30 MP: 5/5
  2188 | D:4      | HP: 1/30 [iguana (11)]
  2242 | D:4      | Reached skill level 4 in Unarmed Combat
  2242 | D:4      | Reached XP level 4. HP: 33/37 MP: 6/6
  2510 | D:4      | Found a staircase to the Ecumenical Temple.
  2534 | D:4      | Reached skill level 5 in Unarmed Combat
  2534 | D:4      | Reached XP level 5. HP: 28/42 MP: 7/7
  2584 | D:4      | Noticed Duvessa
  2594 | D:4      | Noticed Dowan
  2748 | D:5      | Noticed an ogre
  2784 | D:4      | Identified the +0 robe of Card Tricks {-Tele Rampage rPois
                  | rF+}
  2942 | D:5      | Identified the +1 leather armour "Ziuzum" {-Tele rPois
                  | rCorr}
  3013 | D:5      | HP: 2/42 [poisoned by a scorpion]
  3013 | D:5      | Slain by a scorpion

Illustrated notes

Levels and vault maps discovered:
D:1:      sevenhm_arrival_forest_fort_small_5, layout_rooms,
          minmay_crystal_room, nicolae_concentric_dashed_squares_wild,
          nrook_mini_backslash, minmay_door_square
D:2:      layout_loops_ring, minmay_fractal_squares_gapless_5
D:3:      layout_basic, mainiacjoe_overflow_paths, mainiacjoe_overflow_brackets,
          okawaru_ov_weapons_minmay
D:4:      layout_loops_corners, lemuel_tele_altar,
          minmay_temple_entry_junction_2, minmay_joined_circles, uniq_duvessa
D:5:      layout_basic, overflow_temple_1_default, minmay_gold_behind_fungi,
          nicolae_the_louvre

Skill      XL: |  1  2  3  4 |
---------------+-------------+-----
Unarmed Combat | 2 3 4 5 |  5.9
Fighting       | |  2.6
Dodging        | |  1.7
Stealth        | |  4.5

Action                     |  1- 3 |  4- 6 || total
---------------------------+-------+-------++-------
  Melee: Unarmed           |   129 |    86 ||   215
         Punch             |       |     2 ||     2
  Throw: Dart              |     4 |     4 ||     8
    Use: Scroll            |     1 |       ||     1
   Stab: Sleeping          |     6 |     2 ||     8
 Armour: Leather armour    |    29 |       ||    29
         Ring mail         |    41 |    60 ||   101
  Dodge: Dodged            |    59 |    49 ||   108

Table legend: (Time is in decaauts)
 A = Elapsed time spent in this place.
 B = Non-inter-level travel time spent in this place.
 C = Inter-level travel time spent in this place.
 D = Time resting spent in this place.
 E = Time spent auto-exploring this place.
 F = Levels seen in this place.
 G = Mean time per level.
                   A        B        C        D        E       F      G
               +--------+--------+--------+--------+--------+-----+--------+
         Total |   3004 |   2815 |    189 |     28 |   1781 |   5 |  600.8 |
       Dungeon |   3004 |   2815 |    189 |     28 |   1781 |   5 |  600.8 |
               +--------+--------+--------+--------+--------+-----+--------+

Top non-repeatable levels by time:
     D:3: 811 daAuts
     D:2: 677 daAuts
     D:4: 631 daAuts
     D:1: 592 daAuts
     D:5: 291 daAuts
